 Dungeon Crawl Stone Soup version 0.18.1-48-g4cf74bf (webtiles) character file.

345 JustSomeDude the Skirmisher (level 6, -11/73 HPs)
             Began as a Demonspawn Monk on July 23, 2016.
             Was an Initiate of Yredelemnul.
             Mangled by Crazy Yiuf
             ... wielding a +4 quarterstaff of chaos
              (12 damage)
             ... on level 4 of the Dungeon.
             The game lasted 00:15:18 (5601 turns).

JustSomeDude the Skirmisher (Demonspawn Monk)       Turns: 5601, Time: 00:15:25

Health: -11/73     AC: 23    Str: 10 (12) XL:     6   Next: 32%
Magic:  6/6        EV:  2    Int: 11 (13) God:    Yredelemnul [......]
Gold:   150        SH:  0    Dex: 12 (15) Spells: 0 memorised, 6 levels left

rFire  . . .     SeeInvis .     l - staff of energy
rCold  . . .     Gourm    .     (armour currently unavailable)
rNeg   + + +     Faith    .     (no shield)
rPois  +         Spirit   .     (helmet currently unavailable)
rElec  .         Dismiss  .     (cloak currently unavailable)
rCorr  .         Reflect  .     (gloves currently unavailable)
SustAt .         Harm     .     (boots currently unavailable)
MR     +....     NoTele   +     (no amulet)
Stlth  +++.......               (no ring)
                                d - ring of protection from magic

@: lethally poisoned (-11 -> -15), tree-form, hasted, very quick, somewhat
resistant to hostile enchantments, fairly stealthy
A: (talons 0), rot immunity
a: Renounce Religion


You were on level 4 of the Dungeon.
You worshipped Yredelemnul.
Yredelemnul was noncommittal.
You were very hungry.
You were a tree.
You visited 2 branches of the dungeon, and saw 5 of its levels.

You collected 150 gold pieces.

Inventory:

Armour
 j - a +1 chain mail (melded)
Magical Staves
 l - an uncursed staff of energy (weapon)
Jewellery
 d - a ring of protection from magic (left branch)
 m - an uncursed ring of flight
 o - an uncursed ring of fire
Scrolls
 a - 5 scrolls of teleportation {unknown}
 e - a scroll of identify
 i - 2 scrolls of enchant weapon {unknown}
 p - a scroll of noise {unknown}
 r - a scroll of random uselessness {unknown}
Potions
 f - a potion of brilliance
Comestibles
 b - 3 bread rations
 c - 2 beef jerkies
 g - a slice of pizza
 k - a meat ration


   Skills:
 + Level 4.5 Fighting
 + Level 0.1 Staves
 + Level 2.4 Armour
 + Level 3.9 Dodging
 + Level 2.5 Stealth
 - Level 4.2 Unarmed Combat
 - Level 0.5 Spellcasting
 * Level 0.3 Invocations


You had 6 spell levels left.
You didn't know any spells.

Dungeon Overview and Level Annotations

Branches:
Dungeon (4/15)             Temple (1/1) D:4

Altars:
Dithmenos
Fedhas
Makhleb
Nemelex Xobeh
Pakellas
Trog
Vehumet
Yredelemnul

Annotations:
D:4 Crazy Yiuf, Purgy


Innate Abilities, Weirdness & Mutations

((You have sharp toenails.))
You are immune to rotting.


Message History

Your +1 chain mail melds into your body.
Your roots penetrate the ground.
* * * LOW HITPOINT WARNING * * *
You feel sick.
Crazy Yiuf hits you with a quarterstaff of chaos.
* * * LOW HITPOINT WARNING * * *
Drink which item? (? for menu, Esc to quit)
It was a potion of degeneration.
There was something very wrong with that liquid.
You feel weakened.
You feel dopey.
You feel clumsy.
* * * LOW HITPOINT WARNING * * *
You feel sick. Crazy Yiuf barely misses you.
Drink which item? (? for menu, Esc to quit)
It was a potion of haste.
You feel yourself speed up.
* * * LOW HITPOINT WARNING * * *
You feel sick.
Crazy Yiuf whimpers, "Peeping!
Proton King canine."
Crazy Yiuf hits you but does no damage.
You are electrocuted!
You die...
Your body rises from the dead as a mindless zombie.

# ### ##.....## #. ..##
##.._....## ##.
#.###.........# ...
#...'.........+
#.###.###.........# #...##
##......<## ##.## ##.....##
#.# ##...## #♣# ##+##
#g##### .#
##########.#...## .#
#..≈≈§...#......####.######
#.≈§§≈≈..#.......##...#....
#§≈≈≈§≈≈................#
#≈§≈>§§≈#........^#...#.#
#≈≈≈≈≈≈§#.........##.##(##.
#.≈≈§≈≈............g....[..


You could see Crazy Yiuf.

Vanquished Creatures
  2 hounds
  Natasha (D:3)
  Ijyb (D:3)
  A worker ant (D:4)
  A gnoll (D:2)
  9 adders
  3 oozes
  2 worms (D:2)
  12 dart slugs
  A giant gecko (D:1)
  An orc (D:3)
  A ball python (D:2)
  A giant cockroach (D:2)
  8 goblins
  10 hobgoblins
  2 jackals (D:3)
  11 bats
  2 giant newts
  8 kobolds
  12 rats
89 creatures vanquished.

Notes
Turn   | Place    | Note
--------------------------------------------------------------
     0 | D:1      | JustSomeDude the Demonspawn Monk began the quest for the Orb.
     0 | D:1      | Reached XP level 1. HP: 18/18 MP: 1/1
   108 | D:1      | Gained mutation: You are immune to rotting. [demonic ancestry]
   108 | D:1      | Reached XP level 2. HP: 24/24 MP: 2/2
   503 | D:1      | Reached XP level 3. HP: 18/29 MP: 3/3
  1142 | D:2      | Reached XP level 4. HP: 17/37 MP: 4/4
  1631 | D:2      | Found a bloodstained altar of Trog.
  1902 | D:2      | Noticed Crazy Yiuf
  2305 | D:2      | HP: 1/37 [dart slug/slug dart (4)]
  2711 | D:2      | Reached XP level 5. HP: 21/42 MP: 5/5
  2888 | D:2      | Reached skill level 1 in Armour
  3349 | D:3      | Noticed Ijyb
  3383 | D:3      | Killed Ijyb
  3723 | D:3      | Noticed Natasha
  3742 | D:3      | Killed Natasha
  4484 | D:3      | Gained mutation: You have sharp toenails. [demonic ancestry]
  4484 | D:3      | Reached XP level 6. HP: 49/49 MP: 6/6
  4992 | D:4      | Noticed Purgy
  5047 | D:4      | Found a burning altar of Makhleb.
  5052 | D:4      | Became a worshipper of Makhleb the Destroyer
  5052 | D:4      | Reached * piety under Makhleb
  5052 | D:4      | Reached ** piety under Makhleb
  5324 | D:4      | Found a staircase to the Ecumenical Temple.
  5392 | Temple   | Entered the Ecumenical Temple
  5559 | Temple   | Fell from the grace of Makhleb
  5559 | Temple   | Became a worshipper of Yredelemnul the Dark
  5599 | D:4      | HP: 2/73 [Crazy Yiuf/quarterstaff of chaos (3)]
  5601 | D:4      | Mangled by Crazy Yiuf

Skill      XL: |  1  2  3  4  5 |
---------------+----------------+-----
Dodging        | 3 |  3.9
Unarmed Combat | 4 |  4.2
Stealth        | 2 |  2.5
Fighting       | 4 |  4.5
Armour         | 2 |  2.4
Staves         | |  0.1
Spellcasting   | |  0.5
Invocations    | |  0.3

Action                   |  1- 3 |  4- 6 || total
-------------------------+-------+-------++-------
Melee: Unarmed           |    96 |   252 ||   348
       Punch             |       |     9 ||     9
       Staff             |       |   133 ||   133
       Kick              |       |    28 ||    28
  Use: Scroll            |       |     7 ||     7
       Potion            |       |     5 ||     5
 Stab: Sleeping          |     6 |     4 ||    10
  Eat: Chunk             |     1 |     9 ||    10
       Bread ration      |       |     1 ||     1
Armor: Robe              |     9 |       ||     9
       Leather armour    |       |    26 ||    26
       Chain mail        |       |   149 ||   149
       Skin              |       |     1 ||     1
Dodge: Dodged            |    62 |   173 ||   235
